 Dungeon Crawl Stone Soup version 0.29-a0-266-gf56f883ddd (webtiles) character file.

Game seed: 5859234405980143204

7 spaghetti the Caller (level 1, 0/14 HPs)
             Began as a Demigod Summoner on Mar 7, 2022.
             Slain by a rat (2 damage)
             ... on level 1 of the Dungeon.
             The game lasted 00:00:45 (706 turns).

spaghetti the Caller (Demigod Summoner)              Turns: 706, Time: 00:00:45

Health: 0/14       AC:  2    Str:  9    XL:     1   Next: 66%
Magic:  2/5        EV: 12    Int: 17    God:
Gold:   11         SH:  0    Dex: 14    Spells: 2/3 levels left

rFire   . . .      SeeInvis .   (no weapon)
rCold   . . .      Faith    .   (no shield)
rNeg    . . .      Spirit   .   a - +0 robe
rPois   .          Reflect  .   (no helmet)
rElec   .          Harm     .   (no cloak)
rCorr   .          Rampage  .   (no gloves)
Will    .....                   (no boots)
Stlth   ++........              (no amulet)
HPRegen 0.04/turn               (no ring)
MPRegen 0.09/turn               (no ring)

@: no status effects
A: high MP 1, forlorn, divine attributes
a: no special abilities


You were on level 1 of the Dungeon.
You visited 1 branch of the dungeon, and saw 1 of its levels.

You collected 11 gold pieces.


Innate Abilities, Weirdness & Mutations

You have an increased reservoir of magic. (+10% MP)
You shall have no god before yourself.
Your divine heritage dramatically boosts your attributes as you level up.


   Skills:
 - Level 1.7 Dodging
 - Level 1.7 Stealth
 - Level 1.7 Spellcasting
 + Level 4.0 Summonings


You had 2 spell levels left.
You knew the following spells:

 Your Spells              Type           Power      Damage    Failure   Level
a - Summon Small Mammal   Summ           60%        N/A       3%          1

Your spell library contained the following spells:

 Spells                   Type           Power      Damage    Failure   Level
 Call Imp                 Summ           15%        N/A       6%          2
 Call Canine Familiar     Summ           15%        N/A       12%         3
 Summon Guardian Golem    Hex/Summ       8%         N/A       26%         3
 Summon Lightning Spire   Summ/Air       8%         N/A       65%         4

Inventory:

Armour
 a - a +0 robe (worn)
Potions
 b - a potion of magic

Dungeon Overview and Level Annotations

Branches:
Dungeon (1/15)

..##........... #.
#..$.......#..
##.##.............
..........### .#.# ######
####...........# .#.#
.....####.....##.##÷#.#.##.#.#
≈≈.###.....................#.#
≈≈.#...#........>.........##.#
...#.<.# .....##@#..#.h...##.##
...#...# ≈...##r#..#.....##..#
†....### ≈≈....rb.........##..#
..#### ........hh...........#
#############.##......#.......#
...##.........................#
#........#................##..#
......................#...##.##
#........##...........#......#


You could see 2 jackals, a rat, a friendly quokka (summoned) and a friendly bat
(summoned).


Message History

You hit the jackal but do no damage.
Your bat barely misses the jackal.
The jackal misses your bat.
Your bat hits the jackal but does no damage.
The rat bites your bat.
You strike the helpless jackal from behind!
You hit the jackal but do no damage. You punch the jackal.
Your bat closely misses the jackal.
The jackal misses you. The jackal barely misses your bat.
The jackal bites you but does no damage.
You closely miss the jackal. You punch the jackal, but do no damage.
Your bat closely misses the jackal.
The jackal bites you. x2
The rat bites your bat. 😮 HP[-3]
You take 3 damage, and now have 9/14 hp.
MASSIVE DAMAGE!! (PAUSE)
The jackal attacks as you move away! The jackal closely misses you.
Your bat barely misses the jackal.
The rat misses your bat. The jackal misses you. The jackal bites you.
* * * LOW HITPOINT WARNING * * *
😨 HP[-2]
You take 2 damage, and now have 7/14 hp.
Your bat barely misses the jackal.
The rat twitches its whiskers.
The rat closely misses your bat.
Your bat hits the jackal but does no damage.
Your bat misses the jackal. The jackal barely misses your bat.
Your bat closely misses the jackal.
The jackal attacks as you move away! The jackal bites you.
* * * LOW HITPOINT WARNING * * *
Your bat barely misses the jackal.
The jackal misses you.
Your bat barely misses the jackal. 😨 HP[-2] MP[+1]
You take 2 damage, and now have 5/14 hp.
Your bat barely misses the jackal.
Your bat hits the rat.
Okay, then.
The jackal attacks as you move away! The jackal closely misses you.
The jackal attacks as you move away! The jackal closely misses you.
Your bat barely misses the jackal.
Your bat hits the rat but does no damage.
The jackal bites you.
* * * LOW HITPOINT WARNING * * *
The jackal barely misses you. 😨 HP[-1]
You take 1 damage, and now have 4/14 hp.
Casting: Summon Small Mammal (safe; 3% risk of failure)
Press: ? - help, Q - select action Dir - look around, f - activate Your bat barely misses the rat.
The jackal closely misses you. 😨 MP[-1]
You lost 1 mp, and now have 3/5 mp.
The jackal attacks as you move away!
The jackal bites you but does no damage.
Your bat barely misses the jackal.
The jackal completely misses your bat. Something barely misses your bat.
The jackal misses your bat.
Your bat closely misses the jackal. x2; The rat closely misses your bat.
You barely miss the jackal.
Your bat closely misses the jackal. x2
The jackal misses your bat. Something bites your bat.
Your bat dies!
Your bat's corpse disappears in a puff of smoke!
The jackal closely misses you.
The jackal bites your bat but does no damage.
Your bat hits the jackal but does no damage.
The jackal closely misses you.
The jackal bites your bat but does no damage.
The jackal closely misses your bat.
Your bat completely misses the jackal.
Casting: Summon Small Mammal (safe; 3% risk of failure)
Press: ? - help, Q - select action Dir - look around, f - activate Your bat barely misses the jackal.
Your bat hits the jackal. The jackal bites your bat.
The jackal bites you but does no damage.
The jackal completely misses your bat.
Your bat barely misses the jackal. 😨 HP[+1] MP[-1]
You lost 1 mp, and now have 2/5 mp.
Your bat closely misses the jackal.
Something completely misses your bat. The jackal barely misses your bat.
Your bat barely misses the jackal.
The jackal barely misses your bat.
The jackal bites your bat but does no damage.
Your bat barely misses the jackal.
The jackal bites your bat but does no damage.
Your bat misses the jackal.
Your bat barely misses the jackal.
The rat bites you.
* * * LOW HITPOINT WARNING * * *
😱 HP[-2]
You take 2 damage, and now have 3/14 hp.
Your bat closely misses the jackal.
The jackal misses your bat.
Your bat hits the jackal. The rat attacks as you move away! The rat bites you.
* * * LOW HITPOINT WARNING * * *
The jackal bites your bat.
Your bat hits the jackal but does no damage. 😱 HP[-1]
You take 1 damage, and now have 2/14 hp.
Casting: Summon Small Mammal (safe; 3% risk of failure)
Press: ? - help, Q - select action Dir - look around, f - activate Your bat barely misses the jackal.
The rat barely misses you. 😱 MP[-1]
You lost 1 mp, and now have 1/5 mp.
Your bat hits the jackal but does no damage. 😱 MP[+1]
The rat attacks as you move away! The rat bites you.
You die...

Skill      XL: |  1 |
---------------+----+-----
Summonings     | 4 |  4.0
Dodging        | |  1.7
Stealth        | |  1.7
Spellcasting   | |  1.7

Action                   || total
-------------------------++-------
Melee: Unarmed           ||    26
       Punch             ||     3
 Cast: Summon Small Mamm ||    13
 Stab: Distracted        ||     2
Armor: Robe              ||    12
Dodge: Dodged            ||    27

Levels and vault maps discovered:
D:1:      amcnicky_arrival_double_pillar, layout_basic

Notes
Turn   | Place    | Note
-------+----------+-------------------------------------------
     0 | D:1      | spaghetti the Demigod Summoner began the quest for the Orb.
     0 | D:1      | Reached XP level 1. HP: 14/14 MP: 5/5
     0 | D:1      | magus.rc [v1.9.6]
   102 | D:1      | HP: 3/14 [frozen (3)]
   479 | D:1      | Reached skill level 4 in Summonings
   701 | D:1      | HP: 3/14 [rat (2)]
   706 | D:1      | Slain by a rat

Vanquished Creatures
  A ball python (D:1)
  An endoplasm (D:1)
  A frilled lizard (D:1)
3 creatures vanquished.

Vanquished Creatures (collateral kills)
  2 endoplasms (D:1)
  A ball python (D:1)
3 creatures vanquished.

Grand Total: 6 creatures vanquished

Table legend:
 A = Non-vault XP
 B = Vault XP
 C = Vault XP percentage of total XP
 D = Non-vault monster count
 E = Vault monster count
 F = Vault count percentage of total count
                 A         B        C        D         E       F
            +---------+---------+-------+---------+---------+-------
      Total |      10 |       0 |   0.0 |       6 |       0 |   0.0
            +---------+---------+-------+---------+---------+-------
        D:1 |      10 |       0 |   0.0 |       6 |       0 |   0.0
            +---------+---------+-------+---------+---------+-------

Illustrated notes

Table legend:
 A = Kills in this place as a percentage of kills in entire the game.
 B = Kills by you in this place as a percentage of kills by you in the entire game.
 C = Kills by friends in this place as a percentage of kills by friends in the entire game.
 D = Other kills in this place as a percentage of other kills in the entire game.
 E = Experience gained in this place as a percentage of experience gained in the entire game.
 F = Experience gained in this place divided by the number of levels of this place that you have seen.
                   A       B       C       D       E      F
               +-------+-------+-------+-------+-------+----------------------
         Total | 100.0 | 100.0 | 100.0 |   N/A | 100.0 |  10.0
       Dungeon | 100.0 | 100.0 | 100.0 |   N/A | 100.0 |  10.0
               +-------+-------+-------+-------+-------+----------------------

Table legend: (Time is in decaauts)
 A = Elapsed time spent in this place.
 B = Non-inter-level travel time spent in this place.
 C = Inter-level travel time spent in this place.
 D = Time resting spent in this place.
 E = Time spent auto-exploring this place.
 F = Levels seen in this place.
 G = Mean time per level.
                   A        B        C        D        E       F      G
               +--------+--------+--------+--------+--------+-----+--------+
         Total |    706 |    706 |      0 |     46 |    578 |   1 |  706.0 |
       Dungeon |    706 |    706 |      0 |     46 |    578 |   1 |  706.0 |
               +--------+--------+--------+--------+--------+-----+--------+

Top non-repeatable levels by time:
     D:1: 706 daAuts
